[Event "Titled Tuesday Blitz October 25 Late 2022"]
[White "Papasimakopoulos, Alexandros"]
[Black "Sorokin, Aleksey"]
[WhiteFideId "4244125"]
[BlackFideId "24176460"]
[WhiteElo "2357"]
[BlackElo "2476"]
[Result "1/2-1/2"]
[Round "07"]
[TimeControl "180+1"]
[Date "2022.10.26"]
[WhiteClock "0:01:14"]
[BlackClock "0:01:00"]

1. d4 d5 2. c4 dxc4 3. Nf3 Nf6 4. e3 e6 5. Bxc4 c5 6. O-O a6 7. Bd3 Nc6 8. a3 b5 9. Re1 Bb7 10. Nc3 Rc8 11. dxc5 Bxc5 12. b4 Bd6 13. Bb2 Ne5 14. Nxe5 Bxe5 15. Rc1 O-O 16. Bb1 h6 17. h3 Qxd1 18. Rexd1 Rc7 19. Na4 Rxc1 20. Rxc1 Bxb2 21. Nxb2 Rd8 22. Nd3 Be4 23. Nc5 Bxb1 24. Rxb1 Nd5 25. Rd1 Ra8 26. e4 Nb6 27. Rd6 Nc4 28. Rxa6 Rxa6 29. Nxa6 Kf8 30. Kf1 Ke7 31. Ke2 Kd6 32. Kd3 Nxa3 33. f4 Nc4 34. Nc5 Kc6 35. Kd4 Kd6 36. g4 Nd2 37. Ke3 Nc4+ 38. Kd4 Nd2 39. Ke3 Nc4+ 40. Kd4 1/2-1/2


[Site "https://www.chess.com"]

[Event "Titled Tuesday Blitz October 25 Late 2022"]
[White "Papp, Petra"]
[Black "Papp, Levente"]
[WhiteFideId "739049"]
[BlackFideId "751243"]
[WhiteElo "2259"]
[BlackElo "2380"]
[Result "1-0"]
[Round "07"]
[TimeControl "180+1"]
[Date "2022.10.26"]
[WhiteClock "0:00:30"]
[BlackClock "0:00:01"]

1. d4 e6 2. e4 d5 3. Nc3 Bb4 4. e5 Ne7 5. a3 Bxc3+ 6. bxc3 b6 7. Qg4 Ng6 8. h4 h5 9. Qd1 Qd7 10. Bg5 Ba6 11. Bxa6 Nxa6 12. Ne2 Qa4 13. O-O Ne7 14. Ng3 g6 15. Bxe7 Kxe7 16. f4 c5 17. Qd2 Rag8 18. Rf2 Nb8 19. Raf1 Nc6 20. f5 gxf5 21. Nxf5+ exf5 22. Rxf5 Nd8 23. Qf4 Qxc2 24. Rf2 Qd1+ 25. Kh2 Rh7 26. e6 Rg4 27. Qc7+ Kf8 28. Qxd8+ Kg7 29. Rxf7+ Kh6 30. R2f6+ Rg6 31. Qf8+ Rg7 32. Qxg7# 1-0


[Site "https://www.chess.com"]

[Event "Titled Tuesday Blitz October 25 Late 2022"]
[White "Pein, Jonathan"]
[Black "Garayev, Kanan"]
[WhiteFideId "417092"]
[BlackFideId "13406671"]
[WhiteElo "2240"]
[BlackElo "2244"]
[Result "0-1"]
[Round "07"]
[TimeControl "180+1"]
[Date "2022.10.26"]
[WhiteClock "0:00:04"]
[BlackClock "0:01:35"]

1. e4 c5 2. Nf3 Nf6 3. e5 Nd5 4. Nc3 e6 5. g3 Nc6 6. Bg2 d6 7. exd6 Bxd6 8. Nxd5 exd5 9. d4 Bg4 10. dxc5 Bxc5 11. O-O O-O 12. h3 Bh5 13. Qd3 Bg6 14. Qd2 Re8 15. c3 Qc7 16. Qxd5 Ne7 17. Qe5 Qb6 18. b4 Bd6 19. Qd4 Qc7 20. Nh4 Be5 21. Qc5 Qxc5 22. bxc5 Bxc3 23. Bxb7 Bxa1 24. Nxg6 Nxg6 25. Bxa8 Rxa8 26. Be3 Be5 27. c6 Rc8 28. Rd1 h5 29. f4 Bc7 30. Bxa7 Ra8 31. Bf2 Ra6 32. Rd7 Rxc6 33. a4 Bb6 34. Rd5 Rc1+ 35. Kg2 Rc2 36. Rb5 Bxf2 37. Kh1 Bxg3 38. Rxh5 Nxf4 39. a5 Nxh5 0-1


[Site "https://www.chess.com"]

[Event "Titled Tuesday Blitz October 25 Late 2022"]
[White "Petrovic, Aleksa"]
[Black "Dauw, Sterre"]
[WhiteFideId "967629"]
[BlackFideId "248886"]
[WhiteElo "2242"]
[BlackElo "2187"]
[Result "1-0"]
[Round "07"]
[TimeControl "180+1"]
[Date "2022.10.26"]
[WhiteClock "0:01:53"]
[BlackClock "0:01:57"]

1. e4 e5 2. Nf3 Nc6 3. Bc4 Bc5 4. c3 Nf6 5. d4 exd4 6. cxd4 Bb4+ 7. Nc3 Nxe4 8. O-O Nxc3 9. bxc3 Be7 10. d5 Nb8 11. d6 cxd6 12. Ng5 Bxg5 13. Qh5 O-O 14. Bxg5 Qa5 15. Rae1 h6 16. Re8 Rxe8 17. Qxf7+ Kh8 18. Qxe8+ Kh7 19. Bd3+ g6 20. Qf7+ Kh8 21. Bf6# 1-0


[Site "https://www.chess.com"]

[Event "Titled Tuesday Blitz October 25 Late 2022"]
[White "Phillips, Rene"]
[Black "Sailer, Mike"]
[WhiteFideId "2056275"]
[BlackFideId "2012901"]
[WhiteElo "2040"]
[BlackElo "2109"]
[Result "0-1"]
[Round "07"]
[TimeControl "180+1"]
[Date "2022.10.26"]
[WhiteClock "0:00:03"]
[BlackClock "0:01:19"]

1. Nf3 d5 2. d4 Nf6 3. Bf4 Bf5 4. e3 e6 5. c4 c6 6. Qb3 Qb6 7. Nc3 Nbd7 8. c5 Qxb3 9. axb3 a6 10. b4 Rc8 11. h3 h6 12. Be2 g5 13. Bg3 Be7 14. O-O Ne4 15. Rfc1 Nxg3 16. fxg3 h5 17. Ne1 Nf6 18. Nd3 Ne4 19. Ne5 Nxg3 20. Bf3 f6 21. Kf2 Ne4+ 0-1


[Site "https://www.chess.com"]

[Event "Titled Tuesday Blitz October 25 Late 2022"]
[White "Piesik, Piotr"]
[Black "Karacsonyi, Gellert"]
[WhiteFideId "1136194"]
[BlackFideId "764620"]
[WhiteElo "2323"]
[BlackElo "2308"]
[Result "1-0"]
[Round "07"]
[TimeControl "180+1"]
[Date "2022.10.26"]
[WhiteClock "0:00:22"]
[BlackClock "0:00:16"]

1. Nf3 c5 2. g3 Nc6 3. Bg2 g6 4. O-O Bg7 5. c3 d6 6. d4 cxd4 7. cxd4 Nf6 8. Nc3 O-O 9. e4 d5 10. e5 Ne8 11. Be3 Nc7 12. Qd2 Bg4 13. Ne1 f6 14. exf6 exf6 15. Nd3 b6 16. Nf4 Kh8 17. Nfxd5 Nxd5 18. Nxd5 Rc8 19. Rac1 Ne7 20. Rxc8 Bxc8 21. Nc3 f5 22. Bg5 Qd7 23. d5 Ng8 24. Re1 Re8 25. Rxe8 Qxe8 26. d6 Qd7 27. h4 h6 28. Bf4 Kh7 29. Qd5 Nf6 30. Qc6 Bf8 31. Qxd7+ Bxd7 32. Bf1 Ne8 33. Bb5 Nf6 34. Bxd7 Nxd7 35. Nb5 a6 36. Nc7 a5 37. Ne6 Bg7 38. b3 Kg8 39. Kf1 Kf7 40. Nxg7 Kxg7 41. Ke2 Nc5 42. Ke3 Ne6 43. Kd3 b5 44. a4 bxa4 45. bxa4 g5 46. hxg5 hxg5 47. Be5+ Kf7 48. Kc4 g4 49. Kb5 Ng5 50. Kc6 Ke6 51. d7 Nf7 52. Bc7 f4 53. d8=Q Nxd8+ 54. Bxd8 fxg3 55. fxg3 Ke5 56. Bxa5 Ke4 57. Bc7 1-0


[Site "https://www.chess.com"]

[Event "Titled Tuesday Blitz October 25 Late 2022"]
[White "Pinheiro, Iung Alicio de O."]
[Black "Sanchez, Robert"]
[WhiteFideId "2104350"]
[BlackFideId "2034360"]
[WhiteElo "2283"]
[BlackElo "2420"]
[Result "1-0"]
[Round "07"]
[TimeControl "180+1"]
[Date "2022.10.26"]
[WhiteClock "0:00:18"]
[BlackClock "0:00:09"]

1. e4 e6 2. d4 d5 3. e5 c5 4. c3 Nc6 5. Nf3 Bd7 6. Bd3 cxd4 7. O-O Qb6 8. Re1 Nge7 9. h4 Ng6 10. h5 Nge7 11. a3 O-O-O 12. Ng5 Be8 13. Qf3 h6 14. Nxf7 Bxf7 15. Qxf7 Nb8 16. cxd4 Qxd4 17. Qxe6+ Nd7 18. Bf1 Nc6 19. Nc3 Bc5 20. Be3 Qxe5 21. Qg4 Bxe3 22. Rxe3 Qd6 23. Re6 Qc5 24. Nb5 a6 25. Nd6+ Kb8 26. Nf7 Rhf8 27. Qg3+ Ka7 28. Nxd8 Nxd8 29. Rg6 Nf6 30. Qc3 Qb6 31. Qb4 Nxh5 32. Qxb6+ 1-0


[Site "https://www.chess.com"]

[Event "Titled Tuesday Blitz October 25 Late 2022"]
[White "Predke, Alexandr"]
[Black "Velikanov, Alexander"]
[WhiteFideId "24107581"]
[BlackFideId "2039290"]
[WhiteElo "2614"]
[BlackElo "2259"]
[Result "1-0"]
[Round "07"]
[TimeControl "180+1"]
[Date "2022.10.26"]
[WhiteClock "0:00:03"]
[BlackClock "0:00:03"]

1. Nf3 Nf6 2. c4 g6 3. Nc3 Bg7 4. e4 O-O 5. d4 d6 6. Be2 Bg4 7. Be3 Nfd7 8. Qd2 Na6 9. h3 Bxf3 10. gxf3 e5 11. d5 f5 12. exf5 gxf5 13. f4 Qh4 14. Rg1 exf4 15. Bxf4 Ne5 16. Bxe5 dxe5 17. Qg5 Qxg5 18. Rxg5 e4 19. Kd2 Kh8 20. Rh5 Nc5 21. Rg1 Bd4 22. Rgg5 f4 23. b4 e3+ 24. fxe3 Bxc3+ 25. Kxc3 Ne4+ 26. Kd3 Nxg5 27. Rxg5 f3 28. Bf1 Rg8 29. Rf5 Raf8 30. Rxf8 Rxf8 31. e4 Rg8 32. Ke3 Rg1 33. Bd3 Rd1 34. Bc2 Rc1 35. Bb3 Rc3+ 36. Kf2 Kg7 37. e5 Kg6 38. c5 Kf5 39. e6 Kf6 40. d6 cxd6 41. cxd6 Rd3 42. e7 Rd2+ 43. Kxf3 Rd3+ 44. Ke2 Rxb3 45. e8=Q Rb2+ 46. Kd3 1-0


[Site "https://www.chess.com"]

[Event "Titled Tuesday Blitz October 25 Late 2022"]
[White "Prydun, Andriy"]
[Black "Radovic, Luka"]
[WhiteFideId "14145898"]
[BlackFideId "911569"]
[WhiteElo "2163"]
[BlackElo "2257"]
[Result "0-1"]
[Round "07"]
[TimeControl "180+1"]
[Date "2022.10.26"]
[WhiteClock "0:00:01"]
[BlackClock "0:01:40"]

1. e4 c5 2. Nf3 d6 3. c3 Nf6 4. h3 Nc6 5. Bd3 d5 6. Qe2 dxe4 7. Bxe4 Nxe4 8. Qxe4 g6 9. O-O Bf5 10. Qe3 Bg7 11. Qxc5 Bd3 12. Re1 O-O 13. Qe3 e5 14. Rd1 e4 15. Ne1 Re8 16. Na3 f5 17. b3 f4 18. Qxf4 Be2 19. Bb2 Bxd1 20. Rxd1 Qf6 21. Qxf6 Bxf6 22. Nc4 Rad8 23. Ne3 Ne5 24. c4 Nf3+ 25. gxf3 Bxb2 26. fxe4 Rxe4 27. Kg2 Bd4 28. Nf3 Bxe3 29. fxe3 Rxe3 30. dxe3 Rxd1 31. a4 Rd3 32. Nd4 Rxe3 33. c5 Rd3 34. Ne6 Rxb3 35. a5 Ra3 36. Nd8 Rb3 37. h4 Kf8 38. a6 bxa6 39. c6 Ke7 40. c7 Rc3 41. Kf2 Rxc7 0-1


[Site "https://www.chess.com"]

[Event "Titled Tuesday Blitz October 25 Late 2022"]
[White "Przybylski, Wojciech"]
[Black "Thomforde-Toates, Noah"]
[WhiteFideId "1117599"]
[BlackFideId "30951992"]
[WhiteElo "2221"]
[BlackElo "2649"]
[Result "1/2-1/2"]
[Round "07"]
[TimeControl "180+1"]
[Date "2022.10.26"]
[WhiteClock "0:00:03"]
[BlackClock "0:00:12"]

1. d4 Nf6 2. Nf3 g6 3. g3 Bg7 4. Bg2 O-O 5. O-O d6 6. Re1 Nc6 7. e4 e5 8. c3 Bg4 9. h3 Bxf3 10. Bxf3 exd4 11. cxd4 Nd7 12. Be3 Qf6 13. d5 Nce5 14. Be2 Nb6 15. Nd2 Rfe8 16. f4 Ned7 17. Rb1 Nc5 18. Qc2 Nxe4 19. Nxe4 Qf5 20. Bxb6 axb6 21. Bg4 Qxd5 22. Nf2 Bd4 23. Rbd1 c5 24. Qb3 Qc6 25. Bf3 Qd7 26. Rxe8+ Rxe8 27. Kg2 Kg7 28. Qc2 b5 29. b3 b6 30. Bd5 Re3 31. Rd3 Re1 32. Rd1 Qe7 33. Rxe1 Qxe1 34. Bf3 h5 35. Qe2 Qc1 36. f5 Qg5 37. fxg6 fxg6 38. Ne4 Qe5 39. g4 h4 40. Nf2 Qg3+ 41. Kf1 Qf4 42. Kg2 Be5 43. Kf1 c4 44. Bg2 c3 45. Be4 Qc1+ 46. Kg2 b4 47. Bd3 Qf4 48. Qe4 Qxe4+ 49. Bxe4 Kf6 50. Bc2 Kg5 51. Kf3 d5 52. Nd3 Bd6 53. Nf2 Kf6 54. Nd1 Ke5 55. Ke3 Bc5+ 56. Kf3 Kd4 57. Bxg6 Bd6 58. Nf2 b5 59. Bc2 Ke5 60. Nd3+ Kd4 61. Nf4 Ke5 62. Ng2 Be7 63. Ne3 Bg5 64. Nf5 d4 65. Bd3 Kd5 66. Ng7 Ke5 67. Nf5 Kd5 68. Ke2 Ke5 69. Kf3 1/2-1/2


[Site "https://www.chess.com"]

[Event "Titled Tuesday Blitz October 25 Late 2022"]
[White "Rasulov, Vugar"]
[Black "Shipov, Sergei"]
[WhiteFideId "13402390"]
[BlackFideId "4113624"]
[WhiteElo "2509"]
[BlackElo "2761"]
[Result "0-1"]
[Round "07"]
[TimeControl "180+1"]
[Date "2022.10.26"]
[WhiteClock "0:00:13"]
[BlackClock "0:01:23"]

1. d4 d5 2. c4 dxc4 3. Nf3 a6 4. a4 e6 5. e3 c5 6. Bxc4 Nc6 7. O-O Nf6 8. Nc3 Be7 9. Qe2 cxd4 10. Rd1 O-O 11. exd4 Nb4 12. Bg5 h6 13. Bh4 Bd7 14. Ne5 Bc6 15. Rac1 Bd5 16. Nxd5 Nfxd5 17. Bg3 Bg5 18. Ra1 Rc8 19. a5 Qe7 20. Ra3 Rfd8 21. h3 Bf4 22. Bxf4 Nxf4 23. Qe4 Nfd5 24. Rg3 Nc6 25. Bd3 Nf6 26. Nxc6 Rxc6 27. Qe3 Kf8 28. Be2 Qb4 29. Bf3 Rcd6 30. Qc3 Qa4 31. b3 Qd7 32. Qb4 Kg8 33. Qxb7 Qxb7 34. Bxb7 Rb8 35. Bf3 Rxb3 36. Be2 Rb2 37. Bf1 Ra2 38. Rc3 Rxa5 39. Rc8+ Kh7 40. Rc7 Rd7 41. Rc6 Ra4 42. Bxa6 Raxd4 43. Rxd4 Rxd4 44. g3 g5 45. Bc4 Kg6 46. Kf1 h5 47. Ke2 h4 48. g4 Rd8 49. Rc7 Rb8 50. Bd3+ Kg7 51. Bc4 Rb4 52. Kd3 Rb6 53. Kd4 Rd6+ 54. Kc5 Rd2 55. Bxe6 Rc2+ 56. Bc4 Ne4+ 57. Kd4 Nxf2 58. Rxf7+ Kg6 59. Rf3 Kg7 0-1


[Site "https://www.chess.com"]

[Event "Titled Tuesday Blitz October 25 Late 2022"]
[White "Rios Escobar, Adan"]
[Black "Graif, William"]
[WhiteFideId "3403645"]
[BlackFideId "2609835"]
[WhiteElo "2370"]
[BlackElo "2205"]
[Result "1-0"]
[Round "07"]
[TimeControl "180+1"]
[Date "2022.10.26"]
[WhiteClock "0:00:19"]
[BlackClock "0:00:03"]

1. d4 Nf6 2. g3 d5 3. Nf3 Bf5 4. c4 c6 5. Nc3 e6 6. Nh4 Bg4 7. h3 Bh5 8. g4 Ne4 9. Nxe4 dxe4 10. Qb3 Qxh4 11. g5 b6 12. Be3 Be7 13. Rg1 Bg6 14. Rg4 Qh5 15. O-O-O Bf5 16. Rg3 Nd7 17. Kb1 O-O 18. Ka1 Bd6 19. Rg1 Rfd8 20. Qc3 Rac8 21. Qd2 c5 22. d5 Ne5 23. Rc1 Be7 24. Bf4 Nc6 25. Qe3 exd5 26. cxd5 Rxd5 27. Qb3 Be6 28. e3 Rcd8 29. Bc4 Na5 30. Qa4 Nxc4 31. Rxc4 Rd1+ 32. Rc1 Rxg1 33. Rxg1 Qe2 34. Rc1 Bf8 35. Be5 Qxf2 36. Qxe4 Qf5 37. Qh4 Qxe5 38. g6 fxg6 39. Qxd8 Qf6 40. Qb8 Bf7 41. Qxa7 Qe6 42. Rd1 Qxe3 43. Qxb6 Qxh3 44. a4 Qf3 45. Qd8 Qb3 46. Kb1 g5 47. Qd7 Bg6+ 48. Ka1 Bf7 49. Kb1 Qa2+ 50. Kc1 Qa1+ 51. Kc2 Bg6+ 52. Kc3 1-0


[Site "https://www.chess.com"]

[Event "Titled Tuesday Blitz October 25 Late 2022"]
[White "Rodriguez Santiago, Jaime"]
[Black "Mazurkiewicz, Michal"]
[WhiteFideId "3100898"]
[BlackFideId "1124943"]
[WhiteElo "2025"]
[BlackElo "2063"]
[Result "0-1"]
[Round "07"]
[TimeControl "180+1"]
[Date "2022.10.26"]
[WhiteClock "0:00:17"]
[BlackClock "0:00:32"]

1. Nf3 Nf6 2. g3 g6 3. Bg2 Bg7 4. d4 O-O 5. O-O d6 6. b3 Nbd7 7. Bb2 Re8 8. c4 c6 9. Nc3 e5 10. dxe5 dxe5 11. e4 Qc7 12. Qe2 Nc5 13. Rad1 a5 14. Ba1 h6 15. h3 Nh5 16. Ne1 Qb6 17. Nc2 Nxb3 18. axb3 Nxg3 19. Qd2 Nxf1 20. Bxf1 Be6 21. Rb1 f5 22. Ne3 f4 23. Ng4 h5 24. Nh2 g5 25. Nf3 g4 26. hxg4 hxg4 27. Ng5 Rad8 28. Qe1 Bc8 29. c5 Qxc5 30. Bc4+ Kf8 31. Na4 Qd6 32. Bc3 Qg6 33. Nf7 Rd7 34. Nxe5 Bxe5 35. Bxe5 Rxe5 36. Nb6 Rh7 37. Nxc8 Qh5 0-1


[Site "https://www.chess.com"]

[Event "Titled Tuesday Blitz October 25 Late 2022"]
[White "Roque Sola, Gisela"]
[Black "Saucey, Michel"]
[WhiteFideId "5120241"]
[BlackFideId "601845"]
[WhiteElo "1961"]
[BlackElo "2253"]
[Result "0-1"]
[Round "07"]
[TimeControl "180+1"]
[Date "2022.10.26"]
[WhiteClock "0:00:04"]
[BlackClock "0:00:19"]

1. c4 e6 2. Nf3 d5 3. b3 d4 4. d3 c5 5. g3 Nc6 6. Bg2 Nf6 7. Bg5 Be7 8. Bxf6 Bxf6 9. O-O O-O 10. Nbd2 a5 11. h4 e5 12. h5 h6 13. Nh2 Re8 14. Bf3 Bf5 15. Be4 Qd7 16. Bxf5 Qxf5 17. Ne4 Be7 18. e3 Rad8 19. g4 Qd7 20. exd4 Qxd4 21. Qf3 Qxd3 22. Rad1 Qxf3 23. Nxf3 f6 24. Nh4 Nd4 25. Nf5 Bf8 26. Nh4 Kf7 27. Ng6 Ke6 28. Nxf8+ Rxf8 29. Nxc5+ Kf7 30. Nxb7 Ra8 31. Nd6+ Ke6 32. Ne4 Rfc8 33. Rd3 a4 34. Rfd1 axb3 35. axb3 Ra3 36. b4 Rxd3 37. Rxd3 Rxc4 38. b5 Rc1+ 39. Kg2 Rb1 40. Nc5+ Kd5 41. Nd7 Rxb5 42. Nf8 Ke4 43. Re3+ Kf4 44. Ng6+ Kxg4 45. Rg3+ Kf5 46. Ne7+ Ke6 47. Rxg7 Rb7 48. Nf5 Rxg7+ 49. Nxg7+ Kf7 0-1


[Site "https://www.chess.com"]

[Event "Titled Tuesday Blitz October 25 Late 2022"]
[White "Rosenberg, Evan S"]
[Black "Thiel, Thomas"]
[WhiteFideId "2019299"]
[BlackFideId "4615964"]
[WhiteElo "2366"]
[BlackElo "2239"]
[Result "1-0"]
[Round "07"]
[TimeControl "180+1"]
[Date "2022.10.26"]
[WhiteClock "0:00:27"]
[BlackClock "0:00:44"]

1. d4 Nf6 2. Nf3 g6 3. Nc3 d5 4. Bf4 Bg7 5. Nb5 Na6 6. e3 O-O 7. h3 c6 8. Nc3 Nc7 9. Be2 Ne6 10. Be5 Nd7 11. Bxg7 Kxg7 12. a4 f5 13. h4 Nf6 14. Ne5 h5 15. f3 Nd7 16. g4 Nxe5 17. dxe5 fxg4 18. fxg4 Qc7 19. gxh5 Qxe5 20. Qd3 Qg3+ 21. Kd2 Qe5 22. Qxg6+ Kh8 23. Rag1 Qf6 24. Bd3 Qxg6 25. hxg6 Kg7 26. h5 Kh6 27. g7 Nxg7 28. Rg6+ Kh7 29. Rf6+ Kg8 30. Bh7+ Kxh7 31. Rxf8 Ne6 32. Rf7+ Kh6 33. Rxe7 d4 34. exd4 Nxd4 35. Re8 Nf5 36. Ne4 Kh7 37. h6 Kg6 38. h7 1-0


[Site "https://www.chess.com"]

[Event "Titled Tuesday Blitz October 25 Late 2022"]
[White "Sabar, Ethmane Daouda"]
[Black "Vlassov, Nikolai"]
[WhiteFideId "19600097"]
[BlackFideId "4103360"]
[WhiteElo "1950"]
[BlackElo "2324"]
[Result "1-0"]
[Round "07"]
[TimeControl "180+1"]
[Date "2022.10.26"]
[WhiteClock "0:01:23"]
[BlackClock "0:00:20"]

1. b3 e5 2. Bb2 Nc6 3. e3 a6 4. d4 exd4 5. exd4 d5 6. Nf3 Bg4 7. Bd3 Bb4+ 8. c3 Bd6 9. O-O Nge7 10. Nbd2 Qd7 11. Re1 O-O-O 12. b4 Nb8 13. a4 g5 14. Nb3 b6 15. Qe2 Kb7 16. Nc5+ bxc5 17. bxc5 Bf4 18. Qxe7 Bxf3 19. Qxd7 Rxd7 20. gxf3 h5 21. Bf5 Rdd8 22. Re7 f6 23. Rae1 Nc6 24. R7e6 Rhf8 25. Bc1 Bxc1 26. Rxc1 Na5 27. Rb1+ Ka8 28. Rxa6# 1-0


[Site "https://www.chess.com"]

[Event "Titled Tuesday Blitz October 25 Late 2022"]
[White "Sarana, Alexey"]
[Black "Babazada, Khazar"]
[WhiteFideId "24133795"]
[BlackFideId "13413554"]
[WhiteElo "2689"]
[BlackElo "2367"]
[Result "1-0"]
[Round "07"]
[TimeControl "180+1"]
[Date "2022.10.26"]
[WhiteClock "0:00:20"]
[BlackClock "0:00:18"]

1. c4 g6 2. d4 Bg7 3. Nc3 Nc6 4. d5 Ne5 5. e4 d6 6. f4 Nd7 7. Nf3 Nh6 8. Be2 O-O 9. O-O f5 10. Ng5 Nc5 11. e5 Nf7 12. Nxf7 Rxf7 13. Be3 a5 14. Bd4 Rf8 15. Bxc5 dxc5 16. Bf3 Bd7 17. Qe2 a4 18. Qe3 Ra5 19. Rad1 Qa8 20. Rfe1 Qa6 21. d6 cxd6 22. exd6 e6 23. Nb5 Bxb2 24. Nc7 Qb6 25. Nxe6 Re8 26. Bd5 Kh8 27. Qh3 Qxd6 28. Ng5 Re7 29. Qh6 Bg7 30. Qxh7# 1-0


[Site "https://www.chess.com"]

[Event "Titled Tuesday Blitz October 25 Late 2022"]
[White "Sargsyan, Anna M."]
[Black "Danielyan, Vahe"]
[WhiteFideId "13308130"]
[BlackFideId "13304828"]
[WhiteElo "2284"]
[BlackElo "2421"]
[Result "0-1"]
[Round "07"]
[TimeControl "180+1"]
[Date "2022.10.26"]
[WhiteClock "0:00:04"]
[BlackClock "0:01:06"]

1. d4 Nf6 2. c4 g6 3. g3 Bg7 4. Bg2 O-O 5. Nc3 d6 6. Nf3 Nbd7 7. O-O e5 8. e4 b6 9. Re1 Bb7 10. h3 Re8 11. d5 a5 12. Qc2 h6 13. Be3 Nc5 14. b3 c6 15. dxc6 Bxc6 16. Nh2 Qb8 17. Rad1 Qb7 18. f3 Bf8 19. a4 Ne6 20. Qf2 Rab8 21. Ng4 Nxg4 22. fxg4 Ng5 23. Rf1 Bg7 24. Rxd6 Bxe4 25. Nxe4 Nxe4 26. Qc2 Qc7 27. Rxg6 fxg6 28. Bxe4 g5 29. Bd5+ Kh8 30. Qg6 Rf8 31. Be4 Rxf1+ 32. Kxf1 Kg8 33. Kg2 Rd8 34. h4 Qf7 35. Qh7+ Kf8 36. hxg5 Rd1 37. Bf5 Qb7+ 38. Be4 Qf7 39. Bf3 Rf1 0-1


[Site "https://www.chess.com"]

[Event "Titled Tuesday Blitz October 25 Late 2022"]
[White "Sarkar, Justin"]
[Black "Potapova, Margarita"]
[WhiteFideId "2010011"]
[BlackFideId "14126869"]
[WhiteElo "2250"]
[BlackElo "2150"]
[Result "1-0"]
[Round "07"]
[TimeControl "180+1"]
[Date "2022.10.26"]
[WhiteClock "0:00:49"]
[BlackClock "0:01:12"]

1. e4 e5 2. Nc3 Nf6 3. Nf3 Nc6 4. Nxe5 Nxe5 5. d4 Nc6 6. d5 Bb4 7. dxc6 dxc6 8. Qxd8+ Kxd8 9. Bd2 Re8 10. O-O-O Bd7 11. f3 Kc8 12. Bc4 Be6 13. Bxe6+ Rxe6 14. Ne2 Bd6 15. Nd4 Re8 16. Nf5 Bf8 17. Bc3 Nd7 18. Nxg7 Bxg7 19. Bxg7 Rg8 20. Bc3 Rxg2 21. Rhg1 Rxg1 22. Rxg1 Nf8 23. Rg8 Kd8 24. Rxf8+ 1-0


[Site "https://www.chess.com"]

[Event "Titled Tuesday Blitz October 25 Late 2022"]
[White "Schuster, Karsten"]
[Black "Baches Garcia, Guillermo"]
[WhiteFideId "4611071"]
[BlackFideId "2209764"]
[WhiteElo "2294"]
[BlackElo "2439"]
[Result "0-1"]
[Round "07"]
[TimeControl "180+1"]
[Date "2022.10.26"]
[WhiteClock "0:00:16"]
[BlackClock "0:00:17"]

1. d4 Nf6 2. c4 e6 3. Nc3 d5 4. cxd5 Nxd5 5. Nf3 c5 6. e3 cxd4 7. Nxd5 Qxd5 8. Qxd4 Qxd4 9. Nxd4 Bb4+ 10. Bd2 Bxd2+ 11. Kxd2 Bd7 12. Bd3 Nc6 13. Nb5 Ke7 14. a3 Rhd8 15. Nc3 Ne5 16. Be4 Bc6+ 17. Ke2 Nc4 18. Bxc6 bxc6 19. b3 Rd2+ 20. Ke1 Rc2 21. Ne2 Nb2 22. Kf1 e5 23. Rc1 Rd2 24. g3 Rad8 25. Rxc6 Nd3 26. Rc7+ Ke6 27. Rxa7 Rc8 28. Ra6+ Kf5 29. g4+ Ke4 30. Ng3+ Kf3 31. Kg1 Rc1+ 32. Nf1 Rxf1+ 33. Kxf1 Rd1# 0-1


[Site "https://www.chess.com"]

[Event "Titled Tuesday Blitz October 25 Late 2022"]
[White "Shapiro, Daniel"]
[Black "Castellanos Gomez, Alejandro"]
[WhiteFideId "2001780"]
[BlackFideId "22284141"]
[WhiteElo "2254"]
[BlackElo "2168"]
[Result "0-1"]
[Round "07"]
[TimeControl "180+1"]
[Date "2022.10.26"]
[WhiteClock "0:00:01"]
[BlackClock "0:00:14"]

1. d4 d5 2. c4 e6 3. Nf3 Nf6 4. g3 Be7 5. Bg2 O-O 6. O-O dxc4 7. Ne5 Nbd7 8. Nxc4 Nb6 9. Na5 c6 10. Nc3 Nbd5 11. Nb3 b6 12. Re1 Bb7 13. Bd2 Qd7 14. a3 Rfd8 15. e4 Nc7 16. Be3 Qe8 17. Qc2 Rac8 18. Rad1 Nb5 19. Nxb5 cxb5 20. Qb1 Ng4 21. Bf4 b4 22. e5 Bxg2 23. Kxg2 bxa3 24. h3 Qb5 25. bxa3 Rc3 26. Na1 Qd5+ 27. Kg1 Nxf2 28. Kxf2 g5 29. Qe4 gxf4 30. gxf4 Bh4+ 31. Kf1 Bxe1 32. Qxd5 Rxd5 33. Kxe1 Re3+ 34. Kf2 Re4 35. Nc2 Rxf4+ 36. Ke3 Rh4 37. Rg1+ Kf8 38. Rg3 Rb5 39. Kd2 Rb2 40. Kc3 Rb1 41. Nb4 Rc1+ 42. Kd2 Rc4 43. Nc2 Rf4 44. Kd3 Ra4 45. Kc3 Rf1 46. Kb3 Ra5 47. Nb4 Rd1 48. Rg4 Re1 49. Rg3 Re4 50. Rd3 Re1 51. Nc6 Rd5 52. Nb4 Rd8 53. Nc6 Rd7 54. Nb4 a5 0-1


[Site "https://www.chess.com"]

[Event "Titled Tuesday Blitz October 25 Late 2022"]
[White "Sibilio, Mario"]
[Black "Pakleza, Zbigniew"]
[WhiteFideId "800422"]
[BlackFideId "1119290"]
[WhiteElo "2296"]
[BlackElo "2411"]
[Result "0-1"]
[Round "07"]
[TimeControl "180+1"]
[Date "2022.10.26"]
[WhiteClock "0:00:02"]
[BlackClock "0:00:01"]

1. e4 d6 2. d4 Nf6 3. Nc3 c6 4. f4 Qb6 5. e5 Nd5 6. Nf3 Bg4 7. Be2 e6 8. Ne4 dxe5 9. fxe5 c5 10. c4 Nb4 11. a3 Bxf3 12. Bxf3 N4c6 13. dxc5 Bxc5 14. Nd6+ Bxd6 15. Qxd6 Nd7 16. Bf4 O-O-O 17. Bxc6 Qxc6 18. Qxc6+ bxc6 19. O-O-O Nc5 20. Kc2 a5 21. b4 axb4 22. axb4 Na6 23. Kc3 Rxd1 24. Rxd1 Rd8 25. Rxd8+ Kxd8 26. Be3 Kc7 27. g4 Nb8 28. Bc5 Nd7 29. Bd6+ Kb6 30. Kd4 f6 31. h4 Kb7 32. c5 Ka6 33. Kc4 fxe5 34. g5 e4 35. Bf4 g6 36. Bd2 Ne5+ 0-1


[Site "https://www.chess.com"]

[Event "Titled Tuesday Blitz October 25 Late 2022"]
[White "Silva Rosas, Natalia"]
[Black "Osiecki, Stanislaw"]
[WhiteFideId "3000575"]
[BlackFideId "1102990"]
[WhiteElo "1752"]
[BlackElo "2088"]
[Result "0-1"]
[Round "07"]
[TimeControl "180+1"]
[Date "2022.10.26"]
[WhiteClock "0:00:01"]
[BlackClock "0:00:18"]

1. e4 e6 2. d3 d5 3. Nd2 c5 4. Ngf3 Nc6 5. g3 d4 6. Bg2 e5 7. O-O Bd6 8. a4 Nf6 9. Nc4 Bc7 10. Bg5 h6 11. Bd2 O-O 12. a5 Be6 13. Na3 Bxa5 14. Bxa5 Qxa5 15. Nc4 Qc7 16. Ncd2 b5 17. c3 dxc3 18. bxc3 Rfd8 19. Qe2 a5 20. Nh4 Qd7 21. d4 cxd4 22. cxd4 Nxd4 23. Qd1 Nc6 24. Nhf3 Bg4 25. Qc2 Rac8 26. Qb2 Bxf3 27. Nxf3 Nxe4 28. Nxe5 Nxe5 29. Bxe4 Nc4 30. Qe2 Re8 31. f3 Qd4+ 32. Kh1 f5 33. Rad1 Qe5 34. Bd5+ Kh8 35. Qxe5 Rxe5 36. Bxc4 bxc4 37. f4 Re3 38. Rfe1 Rxe1+ 39. Rxe1 c3 40. Rc1 c2 41. Kg2 a4 42. Kf2 a3 43. Ke2 a2 44. Ra1 c1=Q 45. Rxc1 Rxc1 46. g4 a1=Q 47. gxf5 Qb2+ 48. Kf3 Rc3+ 0-1


[Site "https://www.chess.com"]